 Dungeon Crawl Stone Soup version 0.28-a0-1447-ga5a8893891 (webtiles) character file.

Game seed: 17628558255454821104

15607 HallandMoats the Fighter (level 12, -14/99 HPs)
             Began as a Demonspawn Fighter on Jan 11, 2022.
             Was a High Priest of Okawaru.
             Demolished by a skeletal warrior (16 damage)
             ... led by a skeletal warrior
             ... on level 11 of the Dungeon.
             The game lasted 00:16:57 (8513 turns).

HallandMoats the Fighter (Demonspawn Fighter)       Turns: 8513, Time: 00:16:57

Health: -14/99     AC: 10    Str: 21    XL:     12   Next: 2%
Magic:  0/6        EV: 11    Int: 10    God:    Okawaru [*****.]
Gold:   473        SH: 11    Dex: 11    Spells: 11/11 levels left

rFire   x . .      SeeInvis .   a - +10 hand axe of Eroc {antimagic, Fly rF- Will+++ Dex-2}
rCold   . . .      Faith    .   c - +0 buckler
rNeg    . . .      Spirit   +   r - +0 scale mail
rPois   .          Reflect  .   t - +0 helmet
rElec   .          Harm     .   (no cloak)
rCorr   .          Rampage  .   l - +0 pair of gloves
Will    +++..                   (boots unavailable)
Stlth   +.........              g - amulet of regeneration
HPRegen 1.06/turn               (no ring)
MPRegen 0.20/turn               (no ring)

@: flying
A: hooves 3, large bone plates 2, augmentation 1, magic shield, magic
regeneration
a: Renounce Religion, Heroism, Finesse, Duel


You were on level 11 of the Dungeon.
You worshipped Okawaru.
Okawaru was extremely pleased with you.
You visited 1 branch of the dungeon, and saw 11 of its levels.

You collected 575 gold pieces.
You spent 102 gold pieces at shops.

Inventory:

Hand Weapons
 a - the +10 hand axe of Eroc (weapon) {antimagic, Fly rF- Will+++ Dex-2}
   (Okawaru gifted it to you on level 10 of the Dungeon)

   It reduces the magical energy of the wielder, and disrupts the spells and
   magical abilities of those it strikes.
   Natural abilities and divine invocations are not affected.
   Dex:       It affects your dexterity (-2).
   rF:        It makes you vulnerable to fire.
   Fly:       It grants you flight.
   Will:      It greatly increases your willpower.
 b - a +2 dagger of venom
 v - a +5 antimagic broad axe
Armour
 c - a +0 buckler (worn)
 l - a +0 pair of gloves (worn)
 r - a +0 scale mail (worn)
 t - a +0 helmet (worn)
Jewellery
 g - an amulet of regeneration (around neck)
 h - a ring of ice
Wands
 q - a wand of iceblast (15)
 s - a wand of flame (10)
Scrolls
 e - 3 scrolls of immolation
 f - 2 scrolls of silence
 i - a scroll of enchant armour
 k - a scroll of amnesia
 p - 3 scrolls of enchant weapon
 w - 2 scrolls of blinking
 x - a scroll of teleportation
 y - a scroll of fear
Potions
 d - a potion of might
 j - a potion of degeneration {unknown}
 m - a potion of mutation
 n - 5 potions of flight
 o - 3 potions of berserk rage
 u - 4 potions of curing
 z - a potion of haste


   Skills:
 * Level 10.7 Fighting
 * Level 9.5 Axes
 + Level 6.9 Armour
 + Level 6.3 Dodging
 + Level 4.4 Stealth
 - Level 5.4 Shields
 + Level 8.1 Invocations


You had 11 spell levels left.
You didn't know any spells.
Your spell library contained the following spells:

 Spells                   Type           Power      Damage    Failure   Level
 Beastly Appendage        Tmut           0%         N/A       77%         1
 Ensorcelled Hibernation  Hex/Ice        0%         N/A       88%         2
 Wereblood                Tmut           0%         N/A       88%         2
 Gell's Gravitas          Tloc           0%         N/A       98%         3
 Ignite Poison            Fire/Tmut/Pois 0%         N/A       98%         3
 Mephitic Cloud           Conj/Pois/Air  0%         N/A       98%         3
 Spider Form              Tmut/Pois      0%         N/A       98%         3
 Teleport Other           Tloc           0%         N/A       98%         3
 Anguish                  Hex/Necr       0%         N/A       100%        4
 Olgreb's Toxic Radiance  Pois           0%         N/A       100%        4
 Freezing Cloud           Conj/Ice/Air   0%         6-21      100%        5
 Dispersal                Tloc           0%         N/A       100%        6
 Ozocubu's Refrigeration  Ice            0%         4d5       100%        7
 Storm Form               Tmut/Air       0%         N/A       100%        7
 Ignition                 Fire           0%         3d3       100%        8
 Maxwell's Capacitive Co  Air            0%         ∞         100%        8
 Summon Lightning Spire   Summ/Air       Unusable   N/A       N/A         4

Dungeon Overview and Level Annotations

Branches:
Dungeon (11/15)            Temple (0/1) D:7            Lair (0/6) D:11
    Orc (0/2) D:10

Altars:
Dithmenos
Elyvilon
Fedhas
Hepliaklqana
Makhleb
Nemelex Xobeh
Okawaru
Sif Muna
Trog
Uskayaw
Wu Jian
Zin
The Shining One

Shops:
D:3 (([?[   D:4 *   D:5 *   D:9 ?

Portals:
Trove: D:10 (give +7 demon trident)


Innate Abilities, Weirdness & Mutations

You have hooves in place of feet.
You are mostly covered in large bone plates. (SH +6)
Your magical and physical power is slightly enhanced at high health.
When hurt, damage is shared between your health and your magic reserves.
You regenerate magic rapidly.


Message History

The skeletal warrior hits you with a +0 halberd.
You hit the skeletal warrior.
You kick the skeletal warrior, but do no damage.
The skeletal warrior is lightly damaged.
You block the skeletal warrior's attack.
You hit the skeletal warrior.
The skeletal warrior is lightly damaged.
You hit the skeletal warrior but do no damage.
The skeletal warrior is lightly damaged.
The skeletal warrior hits you with a +0 halberd!!
You barely miss the skeletal warrior.
The skeletal warrior is lightly damaged.
The skeletal warrior hits you with a +0 halberd!
You hit the skeletal warrior but do no damage.
You kick the skeletal warrior!
The skeletal warrior is moderately damaged.
You block the skeletal warrior's attack.
The skeletal warrior hits you with a +0 halberd!!
You are too injured to fight recklessly!
The skeletal warrior barely misses you.
There is an open door, spattered with blood here.
You gain the combat prowess of a mighty hero.
The skeletal warrior hits you from afar with a +0 halberd.
The skeletal warrior hits you from afar with a +0 glaive!!
* * * LOW HITPOINT WARNING * * *
The skeletal warrior closely misses you.
There is an open door here.
Found 11 stones.
You block the skeletal warrior's attack. x2
The skeletal warrior closely misses you.
You feel like a meek peon again.
The skeletal warrior hits you from afar with a +0 glaive!
You block the skeletal warrior's attack.
You block the skeletal warrior's attack.
The skeletal warrior hits you with a +0 glaive!!
* * * LOW HITPOINT WARNING * * *
The skeletal warrior hits you from afar with a +0 halberd!!
* * * LOW HITPOINT WARNING * * *
The skeletal warrior hits you from afar with a +0 glaive!
You die...

..†..........#....#......#
.............'....#......#
..#####......#....#(.....#
..#...#......#..###......#
..#...#......####........#
#.#...#.....)..).........#
#.#...#...>..))......##
#.##'##..............#
#.......).......@.zz.#
'.#####..........^...# #.#
#..............# ..#
#..#######.........# ..#
#..# #.........# ..# #..#
#.........# ..# #..#
#.........# ..#####..#
#.........# .........#
#.........#


You could see 2 skeletal warriors.

Vanquished Creatures
  Fannar (D:10)
  3 two-headed ogres
  Nergalle (D:10)
  A skeletal warrior (D:11)
  Pikel (D:7)
  An ugly thing (D:11)
  Joseph (D:8)
  An elephant (D:11)
  5 trolls
  5 slime creatures (D:8)
  3 hornets
  15 yaks
  A wraith (D:9)
  2 shadows (D:11)
  2 wyverns (D:11)
  A basilisk (D:11)
  A steam dragon (D:8)
  The ghost of ytrimaz the Insei, an amateur OpTm (D:4)
  3 wargs (D:10)
  A water moccasin (D:7)
  3 orc warriors
  A black bear (D:11)
  2 sky beasts
  2 necrophages
  2 ice beasts
  8 centaurs
  5 ogres
  2 kobold brigands
  A bullfrog (D:4)
  3 scorpions
  A wyvern zombie (D:7)
  A water moccasin skeleton (D:4)
  5 killer bees (D:11)
  9 wights
  3 howler monkeys
  3 electric eels (D:8)
  A bullfrog zombie (D:6)
  2 centaur zombies
  3 hounds
  A bullfrog skeleton (D:6)
  A centaur skeleton (D:7)
  A jelly (D:6)
  3 orc priests
  Ijyb (D:3)
  8 orc wizards
  A killer bee zombie (D:9)
  Robin (D:4)
  2 howler monkey zombies
  6 adders
  3 gnolls
  2 shadow imps (D:6)
  An ufetubus (D:7)
  5 worms
  3 dart slugs (D:2)
  22 orcs
  4 ball pythons
  8 endoplasms
  3 giant cockroaches
  12 goblins
  8 hobgoblins
  6 jackals
  A quokka (D:1)
  2 bats (D:2)
  3 frilled lizards
  10 kobolds
  8 rats
233 creatures vanquished.

Vanquished Creatures (others)
  65 plants
65 creatures vanquished.

Grand Total: 298 creatures vanquished

Notes
Turn   | Place    | Note
-------+----------+-------------------------------------------
     0 | D:1      | HallandMoats the Demonspawn Fighter began the quest for the
                  | Orb.
     0 | D:1      | Reached XP level 1. HP: 18/18 MP: 1/1
   178 | D:1      | Gained mutation: You have large cloven feet. [demonic
                  | ancestry]
   178 | D:1      | Reached XP level 2. HP: 18/24 MP: 2/2
   450 | D:1      | Found a faded altar of an unknown god.
   886 | D:2      | Gained mutation: You have hoof-like feet. [demonic
                  | ancestry]
   886 | D:2      | Reached XP level 3. HP: 17/29 MP: 3/3
  1207 | D:3      | Noticed a necrophage
  1218 | D:2      | Reached skill level 1 in Dodging
  1224 | D:3      | Gained mutation: You are partially covered in large bone
                  | plates. (SH +4) [demonic ancestry]
  1224 | D:3      | Reached XP level 4. HP: 31/37 MP: 4/4
  1226 | D:3      | Killed a necrophage
  1227 | D:3      | Reached skill level 4 in Fighting
  1227 | D:3      | Gained mutation: You regenerate magic rapidly. [demonic
                  | ancestry]
  1227 | D:3      | Reached XP level 5. HP: 29/42 MP: 5/5
  1340 | D:3      | Found Hacol's Magic Scroll Boutique.
  1388 | D:3      | Found Qozoro's Antique Weapon Emporium.
  1450 | D:3      | Found Hadduaq's Weapon Emporium.
  1463 | D:3      | Noticed Ijyb
  1473 | D:3      | Killed Ijyb
  1575 | D:3      | Found Veucoic's Antique Armour Shoppe.
  1634 | D:3      | Found Amias's Antique Armour Emporium.
  1825 | D:4      | Found Gabaj's Assorted Antiques.
  1832 | D:4      | Gained mutation: You have hooves in place of feet. [demonic
                  | ancestry]
  1832 | D:4      | Reached XP level 6. HP: 49/49 MP: 6/6
  1950 | D:4      | Noticed Robin
  1981 | D:4      | Killed Robin
  1982 | D:4      | Reached skill level 5 in Fighting
  2135 | D:4      | Gained mutation: You are mostly covered in large bone
                  | plates. (SH +6) [demonic ancestry]
  2135 | D:4      | Reached XP level 7. HP: 51/56 MP: 7/7
  2340 | D:4      | Found a runed translucent door.
  2343 | D:4      | Noticed ytrimaz's ghost (amateur OpTm)
  2516 | D:4      | Found an iron altar of Okawaru.
  2516 | D:4      | Found a hide-covered altar of Uskayaw.
  2517 | D:4      | Found a burning altar of Makhleb.
  2518 | D:4      | Found a hazy altar of Hepliaklqana.
  2518 | D:4      | Found a blossoming altar of Fedhas.
  2520 | D:4      | Found a shimmering blue altar of Sif Muna.
  2520 | D:4      | Found a bloodstained altar of Trog.
  2520 | D:4      | Found a shadowy altar of Dithmenos.
  2534 | D:4      | Became a worshipper of Warmaster Okawaru
  2644 | D:4      | Killed ytrimaz's ghost
  2645 | D:4      | Reached skill level 1 in Invocations
  2674 | D:5      | Entered Level 5 of the Dungeon
  2674 | D:5      | Found Uriyj's General Store.
  2752 | D:5      | Gained mutation: Your magical and physical power is
                  | slightly enhanced at high health. [demonic ancestry]
  2752 | D:5      | Reached XP level 8. HP: 40/64 MP: 7/9
  2985 | D:5      | Reached skill level 6 in Fighting
  2985 | D:5      | Reached skill level 5 in Axes
  3020 | D:5      | Found a sparkling altar of Nemelex Xobeh.
  3363 | D:5      | Reached * piety under Okawaru
  3773 | D:6      | Reached XP level 9. HP: 59/71 MP: 11/11
  3795 | D:6      | Reached skill level 7 in Fighting
  3884 | D:6      | Reached ** piety under Okawaru
  4164 | D:6      | Reached skill level 5 in Shields
  4322 | D:6      | Reached skill level 5 in Armour
  4641 | D:7      | Found a staircase to the Ecumenical Temple.
  4755 | D:7      | Noticed Pikel
  4780 | D:7      | Killed Pikel
  4780 | D:7      | Reached *** piety under Okawaru
  4885 | D:7      | Found an ornate altar of the Wu Jian Council.
  4940 | D:7      | Reached skill level 8 in Fighting
  4942 | D:7      | Paralysed by a hornet for 1 turns
  4948 | D:7      | Reached skill level 5 in Invocations
  5210 | D:8      | Reached XP level 10. HP: 78/80 MP: 13/13
  5247 | D:8      | Reached **** piety under Okawaru
  5287 | D:8      | Reached skill level 1 in Stealth
  5357 | D:8      | Noticed Joseph
  5449 | D:8      | Killed Joseph
  5524 | D:8      | Noticed a two-headed ogre
  5533 | D:8      | Killed a two-headed ogre
  5533 | D:8      | Reached ***** piety under Okawaru
  5534 | D:8      | Reached skill level 5 in Dodging
  5612 | D:8      | Reached skill level 9 in Fighting
  6389 | D:9      | Noticed a two-headed ogre
  6396 | D:9      | Killed a two-headed ogre
  6397 | D:9      | Reached XP level 11. HP: 61/89 MP: 14/16
  6661 | D:9      | Found Hillaru's Magic Scroll Shoppe.
  6669 | D:9      | Bought a scroll of identify for 34 gold pieces
  6669 | D:9      | Bought a scroll of identify for 34 gold pieces
  6669 | D:9      | Bought a scroll of identify for 34 gold pieces
  6727 | D:10     | Entered Level 10 of the Dungeon
  6734 | D:10     | Noticed Fannar
  6753 | D:10     | Noticed Nergalle
  6755 | D:10     | Killed Fannar
  6755 | D:10     | Identified the +10 hand axe of Eroc {antimagic, Fly rF-
                  | Will+++ Dex-2} (Okawaru gifted it to you on level 10 of the
                  | Dungeon)
  6755 | D:10     | Received a gift from Okawaru
  6931 | D:10     | Killed Nergalle
  7060 | D:9      | Reached skill level 10 in Fighting
  7231 | D:10     | Found a portal to a secret trove of treasure.
  7417 | D:10     | Found a staircase to the Orcish Mines.
  7783 | D:11     | Noticed a two-headed ogre
  7789 | D:11     | Killed a two-headed ogre
  7822 | D:11     | Received a gift from Okawaru
  7841 | D:11     | Found a staircase to the Lair.
  7940 | D:11     | Noticed a green ugly thing
  7949 | D:11     | Killed a green ugly thing
  8143 | D:11     | Noticed a skeletal warrior
  8147 | D:11     | Noticed a skeletal warrior
  8149 | D:11     | Noticed a skeletal warrior
  8438 | D:11     | Killed a skeletal warrior
  8439 | D:11     | Gained mutation: When hurt, damage is shared between your
                  | health and your magic reserves. [demonic ancestry]
  8439 | D:11     | Reached XP level 12. HP: 55/99 MP: 4/18
  8512 | D:11     | HP: 1/99 [skeletal warrior (18)]
  8513 | D:11     | Demolished by a skeletal warrior

Illustrated notes

Levels and vault maps discovered:
D:1:      saegor_arrival_simple_b, layout_loops_cross,
          ebering_ecumenical_altar_hall
D:2:      layout_rooms
D:3:      layout_rooms, lemuel_round_altar, serial_shops, shop, shop,
          nicolae_shop_trees, shop, shop, uniq_ijyb
D:4:      layout_loops_ring, nicolae_overflows_in_rows, ebering_ghost_sewer_d,
          serial_shops, shop, serial_bayou_lagoon_a, item_on_display_a,
          uniq_robin
D:5:      layout_loops_corners, nemelex_spade_bored_becter, serial_shops,
          nicolae_stop_n_shop_1
D:6:      layout_basic, kennysheep_boxes
D:7:      layout_rooms, mainiacjoe_overflow_six_doors_small, marbit_many_paths,
          minmay_temple_entry_antechambers, st_stairs_10, uniq_pikel
D:8:      lemuel_ice_spiral_2, layout_rooms, serial_bayou, serial_bayou_lake_a,
          serial_bayou_pond_a, serial_bayou_shore_b, serial_bayou_crossing,
          uniq_joseph
D:9:      layout_loops_ring, serial_shops, kennysheep_mini_moat
D:10:     layout_cross, minmay_orc_entry_guard_dogs, enter_trove_3,
          minmay_fractal_squares_5, uniq_fannar, uniq_nergalle
D:11:     layout_irregular_city, david_lair_generic

Skill      XL: |  1  2  3  4  5  6  7  8  9 10 11 |
---------------+----------------------------------+-----
Axes           | 2 3 4 5 7 8 9 |  9.5
Dodging        | 1 2 3 4 5 6 |  6.3
Fighting       | 4 5 6 8 9 10 | 10.7
Armour         | 3 4 5 6 |  6.9
Shields        | 3 4 5 |  5.4
Invocations    | 1 3 5 6 8 |  8.1
Stealth        | 2 4 |  4.4

Action                   |  1- 3 |  4- 6 |  7- 9 | 10-12 || total
-------------------------+-------+-------+-------+-------++-------
Melee: War axe           |    89 |    83 |    83 |   141 ||   396
       Kick              |    12 |    36 |    94 |   111 ||   253
       Dagger            |       |    55 |   184 |    11 ||   250
       Hand axe          |       |       |       |   170 ||   170
Invok: Heroism           |       |       |     2 |    11 ||    13
  Use: Scroll            |       |       |     6 |    11 ||    17
Armor: Scale mail        |    47 |    47 |    63 |    76 ||   233
Dodge: Dodged            |    60 |    42 |    80 |   172 ||   354
Block: Buckler           |    24 |    51 |   124 |   208 ||   407

Table legend: (Time is in decaauts)
 A = Elapsed time spent in this place.
 B = Non-inter-level travel time spent in this place.
 C = Inter-level travel time spent in this place.
 D = Time resting spent in this place.
 E = Time spent auto-exploring this place.
 F = Levels seen in this place.
 G = Mean time per level.
                   A        B        C        D        E       F      G
               +--------+--------+--------+--------+--------+-----+--------+
         Total |   8628 |   8472 |    156 |    537 |   5733 |  11 |  784.4 |
       Dungeon |   8628 |   8472 |    156 |    537 |   5733 |  11 |  784.4 |
               +--------+--------+--------+--------+--------+-----+--------+

Top non-repeatable levels by time:
     D:5: 1011 daAuts
     D:9: 961 daAuts
     D:8: 906 daAuts
     D:4: 844 daAuts
     D:6: 839 daAuts
     D:1: 836 daAuts
    D:11: 760 daAuts
    D:10: 724 daAuts
     D:7: 659 daAuts
     D:3: 657 daAuts
     D:2: 427 daAuts
